 Dungeon Crawl Stone Soup version 0.32-a0-886-g41c5271027 (webtiles) character file.

Game seed: 10991812437953588185

4971 makewrite the Skirmisher (level 10, -10/87 (88) HPs)
             Began as a Minotaur Berserker on Apr 2, 2024.
             Was a Priest of Trog.
             Mangled by a +3 spear of chaos (15 damage)
             ... on level 7 of the Dungeon.
             The game lasted 00:25:36 (7330 turns).

makewrite the Skirmisher (Minotaur Berserker)       Turns: 7330, Time: 00:25:39

HP:   -10/87 (88)   AC:  0    Str: 22    XL:     10   Next: 28%
MP:   0/9           EV: 21    Int:  6    God:    Trog [***...]
Gold: 334           SH:  0    Dex: 17    Spells: 9/9 levels left

rFire   . . .        a - melded +0 dire flail
rCold   . . .        (shield currently unavailable)
rNeg    . . .        v - melded +4 ring mail {rF+}
rPois   .            t - melded +1 hat
rElec   .            (cloak currently unavailable)
rCorr   .            i - melded +4 pair of gloves of Doorr {rC+ Will+ Stlth+}
SInv    .            s - melded +0 pair of boots
Will    +....        (no amulet)
Stlth   ++           (ring currently unavailable)
HPRegen 1.34/turn    (ring currently unavailable)
MPRegen 0.11/turn

%: no passive effects
@: mighty, bat-form, weak-willed, weakened, strong-willed (expiring), on berserk
cooldown, flying, regenerating (expiring), slowed, lightly drained, quick
A: fast, flying, no casting, tiny, (horns 2), (retaliatory headbutt)
a: Renounce Religion, Berserk, Trog's Hand


You were on level 7 of the Dungeon.
You worshipped Trog.
Trog was most pleased with you.
You were a bat.
You visited 1 branch of the dungeon, and saw 7 of its levels.

You collected 477 gold pieces.
You spent 143 gold pieces at shops.

Inventory:

Hand Weapons
 a - a +0 dire flail (melded)
 b - a +0 orcbow
 r - a +0 short sword
 w - the +1 whip "Mimuc" {antimagic, rPois Dex+3}
   (You found it on level 3 of the Dungeon)

   Dex+3:     It affects your dexterity (+3).
   rPois:     It protects you from poison.
Missiles
 u - a throwing net
Armour
 i - the +4 pair of gloves of Doorr (melded) {rC+ Will+ Stlth+}
   (You found it on level 3 of the Dungeon)

   rC+:       It protects you from cold.
   Will+:     It increases your willpower.
   Stlth+:    It makes you more stealthy.
 s - a +0 pair of boots (melded)
 t - a +1 hat (melded)
 v - a +4 ring mail of fire resistance (melded)
Wands
 q - a wand of digging (3)
 E - a wand of flame (17)
 G - a wand of mindburst (7) (quivered)
 H - a wand of polymorph (9)
Scrolls
 c - a scroll of revelation {unknown}
 d - 2 scrolls of torment {unknown}
 e - 3 scrolls of enchant armour {unknown}
 g - a scroll of brand weapon {unknown}
 j - 2 scrolls of fog
 l - 2 scrolls of immolation
 m - 3 scrolls of teleportation
 n - 2 scrolls of poison {unknown}
 o - 3 scrolls of enchant weapon {unknown}
 C - 6 scrolls of fear
Potions
 f - a potion of mutation {unknown}
 h - a potion of curing
 k - 2 potions of brilliance
 p - a potion of enlightenment {unknown}
 x - a potion of resistance {unknown}
 z - 2 potions of heal wounds {unknown}
 A - a potion of haste {unknown}
 B - a potion of lignification
 D - a potion of might {unknown}
 F - a potion of cancellation {unknown}


   Skills:
 + Level 7.7 Fighting
 - Level 6.1(8.6) Axes
 + Level 9.4(10.2) Maces & Flails
 * Level 9.4 Ranged Weapons
 + Level 6.4 Armour
 + Level 5.3 Dodging


You had 9 spell levels left.
You didn't know any spells.
Your spell library was empty.

Dungeon Overview and Level Annotations

Branches:
Dungeon (7/15)             Temple (0/1) D:6

Altars:
Ashenzari
Dithmenos
Okawaru
Ru
Uskayaw
Xom
Zin
The Shining One

Shops:
D:2 [


Innate Abilities, Weirdness & Mutations

You are a bat.
You are tiny and dextrous.
You move quickly.
You are flying.
Your equipment is almost entirely melded.
You are incapable of wielding weapons or throwing items.
You cannot cast spells.
((You have a pair of horns on your head.))
((You reflexively headbutt those who attack you in melee.))


Message History

The +3 spear of chaos closely misses you.
The wyvern zombie bites you but does no damage.
You barely miss the wyvern zombie. You headbutt the wyvern zombie!
The wyvern zombie is severely damaged.
The +3 spear of chaos hits you from afar.
You feel your power leaking away. The wyvern zombie bites you.
The +3 spear of chaos hits you but does no damage.
You puncture the wyvern zombie!
You destroy the wyvern zombie!
Trog accepts your kill.
The +3 spear of chaos hits you from afar! x2
You feel your power leaking away.
The +3 spear of chaos hits you from afar.
The +3 spear of chaos burns you.
A +3 spear of chaos is nearby!
The +3 spear of chaos hits you from afar!
* * * LOW HITPOINT WARNING * * *
You turn into a bat.
Your +0 dire flail melds into your body.
Your +1 hat melds into your body.
The +4 pair of gloves of Doorr {rC+ Will+ Stlth+} melds into your body.
Your +0 pair of boots melds into your body.
Your +4 ring mail of fire resistance melds into your body.
You feel less resistant to fire.
The +3 spear of chaos hits you from afar!
* * * LOW HITPOINT WARNING * * *
The +3 spear of chaos freezes you.
* * * LOW HITPOINT WARNING * * *
You feel the effects of Trog's Hand fading.
The +3 spear of chaos hits you from afar!
* * * LOW HITPOINT WARNING * * *
Unknown command.
You feel better.
The +3 spear of chaos hits you from afar.
* * * LOW HITPOINT WARNING * * *
You feel drained.
* * * LOW HITPOINT WARNING * * *
The +3 spear of chaos hits you from afar!
You die...

.##..........#
#.§§...#....#
.##..........#
#.......ß..ß#
.....##..#.###
#..........## .###÷###...#
#..#...##### ..##.#
##..#######....#.#
#.##.#####.)))##.....#..#
#..#.......##).....###..#
......##########.###.##.#
#.#...##### #b##$_.#.##
..........# #..##'##..#
.......(..######..(....#.#
##.........(...#.#†).....#
#........####....##....##
#........###.....####..#
##................# ##..#
..........###...#.###..##
##........###...#.##..####


You could see a +3 spear of chaos.

Vanquished Creatures
  A two-headed ogre (D:6)
  Pikel (D:7)
  The ghost of topfpfpflanze the Destroyer, a novice OpCj of Vehumet (D:7)
  Sigmund (D:2)
  A hornet zombie (D:7)
  2 black bears
  A sky beast (D:6)
  3 ogres
  A centaur (D:5)
  3 phantoms
  A kobold brigand (D:7)
  2 bullfrogs (D:7)
  A gnoll sergeant (D:4)
  3 scorpions (D:5)
  A wyvern zombie (D:7)
  9 wights (D:7)
  5 killer bees
  A howler monkey (D:4)
  A quasit (D:6)
  A gnoll bouda (D:7)
  6 orc priests
  5 hounds
  2 jellies (D:6)
  3 iguanas
  13 orc wizards
  7 gnolls
  10 adders
  A shadow imp (D:6)
  2 white imps
  A dart slug (D:3)
  25 orcs
  5 ball pythons
  4 endoplasms
  3 giant cockroaches
  5 goblins
  7 hobgoblins
  7 kobolds
  4 quokkas
  3 bats
  3 frilled lizards
  3 goblin skeletons (D:6)
  2 hobgoblin zombies (D:6)
  2 kobold zombies (D:6)
  An orc skeleton (D:6)
  6 rats
170 creatures vanquished.

Vanquished Creatures (others)
  2 gnoll sergeants (D:5)
  2 gnolls (D:5)
4 creatures vanquished.

Grand Total: 174 creatures vanquished

Notes
Turn   | Place    | Note
-------+----------+-------------------------------------------
     0 | D:1      | makewrite the Minotaur Berserker began the quest for the
                  | Orb.
     0 | D:1      | Reached XP level 1. HP: 19/19 MP: 0/0
   655 | D:2      | Found a shimmering altar of Xom.
   698 | D:2      | Found Ziwin's Armour Boutique.
   714 | D:2      | Reached XP level 2. HP: 16/27 MP: 1/1
   797 | D:2      | Found a faded altar of an unknown god.
   879 | D:2      | Noticed Sigmund
  1037 | D:2      | Killed Sigmund
  1038 | D:2      | Reached skill level 5 in Axes
  1038 | D:2      | Reached skill level 1 in Ranged Weapons
  1038 | D:2      | Reached XP level 3. HP: 34/34 MP: 2/2
  1038 | D:2      | Reached XP level 4. HP: 41/41 MP: 3/3
  1038 | D:2      | Reached XP level 5. HP: 47/47 MP: 4/4
  1329 | D:3      | Found a hide-covered altar of Uskayaw.
  1421 | D:3      | Identified the +1 whip "Mimuc" {antimagic, rPois Dex+3}
  2000 | D:2      | Reached skill level 5 in Fighting
  2053 | D:3      | Reached XP level 6. HP: 56/56 MP: 1/5
  2079 | D:3      | Identified the +4 pair of gloves of Doorr {rC+ Will+
                  | Stlth+}
  2191 | D:3      | Reached skill level 1 in Maces & Flails
  2193 | D:3      | Reached ** piety under Trog
  2815 | D:2      | Bought a +1 hat for 143 gold pieces
  2982 | D:4      | Reached XP level 7. HP: 38/61 MP: 2/6
  3150 | D:4      | Found a broken altar of Ashenzari.
  3367 | D:4      | Found a shimmering altar of Xom.
  3757 | D:4      | Found a shadowy altar of Dithmenos.
  4378 | D:5      | Entered Level 5 of the Dungeon
  4383 | D:5      | Reached *** piety under Trog
  4425 | D:5      | Reached skill level 5 in Maces & Flails
  4438 | D:5      | Reached XP level 8. HP: 63/70 MP: 2/7
  4438 | D:5      | Found an iron altar of Okawaru.
  4920 | D:5      | Reached skill level 5 in Armour
  5185 | D:6      | Noticed a two-headed ogre
  5193 | D:6      | Reached skill level 5 in Ranged Weapons
  5198 | D:6      | Killed a two-headed ogre
  5199 | D:6      | Reached XP level 9. HP: 78/78 MP: 2/8
  5405 | D:6      | Found a sacrificial altar of Ru.
  5429 | D:6      | Found a glowing silver altar of Zin.
  5942 | D:6      | Reached **** piety under Trog
  5943 | D:6      | Found a glowing golden altar of the Shining One.
  6080 | D:6      | Found a staircase to the Ecumenical Temple.
  6229 | D:7      | Noticed Pikel
  6237 | D:7      | Killed Pikel
  6488 | D:7      | Reached skill level 5 in Dodging
  6688 | D:7      | Reached XP level 10. HP: 82/85 MP: 9/9
  6929 | D:7      | Found a runed translucent door.
  6931 | D:7      | Found a shimmering altar of Xom.
  6931 | D:7      | Noticed topfpfpflanze's ghost (novice OpCj)
  6933 | D:7      | Noticed a +3 spear of chaos
  7314 | D:7      | Killed topfpfpflanze's ghost
  7329 | D:7      | HP: 1/88 [+3 spear of chaos (14)]
  7330 | D:7      | Mangled by a +3 spear of chaos

Illustrated notes

Levels and vault maps discovered:
D:1:      lightli_arrival_maybe_door_vault, layout_loops_ring,
          chequers_serial_rivers_marsh
D:2:      layout_rooms, basic_altar, hellmonk_ecumenical_altar_blasted,
          serial_shops, nicolae_shop_statue_plus, kennysheep_generic_room_12,
          uniq_sigmund
D:3:      minmay_thinvault, layout_basic, nicolae_overflow_hidden_temple,
          columned_hall_lemuel, dreamdust_princess_bridge
D:4:      layout_loops_corners, ashenzari_conservatory_becter,
          amcnicky_altar_gilded, mainiacjoe_overflow_tiny_flanked, minivault_1
D:5:      layout_rooms, okawaru_trees_2, minmay_misc_feat_iff,
          nicolae_grassy_gnolls
D:6:      layout_gridville, mainiacjoe_overflow_cross_hatched,
          nicolae_tso_besieged_by_evil, lemuel_doored_altar,
          minmay_temple_entry_fiery
D:7:      layout_rooms, ebering_ghost_xom, serial_undead, serial_undead_f,
          serial_undead_c, serial_undead_c, serial_undead_a, serial_undead_c,
          reono_crystal_passage, chequers_decorated_corner, uniq_pikel

Skill      XL: |  1  2  3  4  5  6  7  8  9 10 |
---------------+-------------------------------+-----
Axes           | 4 5 6 |  6.1
Fighting       | 4 5 6 7 |  7.7
Ranged Weapons | 1 2 3 4 5 8 9 |  9.4
Armour         | 3 4 5 6 |  6.4
Maces & Flails | 2 5 7 8 9 |  9.4
Dodging        | 3 4 5 |  5.3

Action                     |  1- 3 |  4- 6 |  7- 9 | 10-12 || total
---------------------------+-------+-------+-------+-------++-------
  Melee: Hand axe          |    22 |     9 |       |       ||    31
         Headbutt          |     1 |    21 |    48 |     9 ||    79
         Whip              |       |   111 |    91 |       ||   202
         Mace              |       |       |    91 |       ||    91
         Dire flail        |       |       |    76 |    55 ||   131
   Fire: Orcbow            |       |       |    85 |    32 ||   117
  Throw: Throwing net      |       |       |     1 |       ||     1
 Invoke: Berserk           |     1 |     1 |     2 |     2 ||     6
         Trog's Hand       |       |       |     2 |     2 ||     4
  Evoke: Wand              |       |       |    11 |     3 ||    14
    Use: Scroll            |       |     5 |       |     1 ||     6
         Potion            |       |     2 |       |     1 ||     3
   Stab: Sleeping          |       |       |     2 |       ||     2
 Armour: Animal skin       |     9 |       |       |       ||     9
         Leather armour    |    11 |    26 |       |       ||    37
         Chain mail        |       |    94 |     3 |       ||    97
         Ring mail         |       |       |   227 |    56 ||   283
         Skin              |       |       |       |     4 ||     4
  Dodge: Dodged            |     6 |    56 |   145 |    43 ||   250

Table legend: (Time is in decaauts)
 A = Elapsed time spent in this place.
 B = Non-inter-level travel time spent in this place.
 C = Inter-level travel time spent in this place.
 D = Time resting spent in this place.
 E = Time spent auto-exploring this place.
 F = Levels seen in this place.
 G = Mean time per level.
                   A        B        C        D        E       F      G
               +--------+--------+--------+--------+--------+-----+--------+
         Total |   7341 |   6736 |    605 |   1480 |   3704 |   7 | 1048.7 |
       Dungeon |   7341 |   6736 |    605 |   1480 |   3704 |   7 | 1048.7 |
               +--------+--------+--------+--------+--------+-----+--------+

Top non-repeatable levels by time:
     D:4: 1437 daAuts
     D:6: 1186 daAuts
     D:3: 1185 daAuts
     D:7: 1015 daAuts
     D:2: 1012 daAuts
     D:1: 753 daAuts
     D:5: 751 daAuts
